 Dungeon Crawl Stone Soup version 0.18.1-48-g4cf74bf (webtiles) character file.

964 Jonno22 the Covered (level 7, -3/58 HPs)
             Began as a Demigod Fighter on Aug 22, 2016.
             Slain by an ogre
             ... wielding a +0 giant spiked club
              (26 damage)
             ... on level 4 of the Dungeon.
             The game lasted 00:48:32 (6039 turns).

Jonno22 the Covered (Demigod Fighter)               Turns: 6039, Time: 00:48:33

Health: -3/58      AC:  9    Str: 23    XL:     7   Next: 61%
Magic:  9/9        EV:  7    Int: 12    God:
Gold:   278        SH: 10    Dex: 15    Spells: 0 memorised, 6 levels left

rFire  . . .     SeeInvis .     a - +0 long sword
rCold  . . .     Gourm    .     A - +0 chain mail
rNeg   . . .     Faith    .     c - +0 shield
rPois  .         Spirit   .     (no helmet)
rElec  .         Dismiss  .     (no cloak)
rCorr  .         Reflect  .     (no gloves)
SustAt +         Harm     .     (no boots)
MR     +....                    B - amulet of rage
Stlth  ..........               (no ring)
                                o - ring of protection from magic

@: somewhat resistant to hostile enchantments, extremely unstealthy
A: high mp 1, sustain attributes
a: Evoke Berserk Rage


You were on level 4 of the Dungeon.
You were not hungry.

You visited 1 branch of the dungeon, and saw 6 of its levels.

You collected 278 gold pieces.

Inventory:

Hand Weapons
 a - a +0 long sword (weapon)
 b - a +0 short sword
 g - a +0 whip
 k - a +0 club
 n - a +0 shortbow
 p - a +0 spear
 r - a +0 hunting sling
 v - a +0 club
 w - a +0 club
 z - a +0 trident
 H - a +0 dagger
Missiles
 d - 49 arrows
 e - 48 stones (quivered)
 h - 16 poisoned needles
 l - 4 tomahawks
 y - 30 bolts
 E - 15 sling bullets
Armour
 c - a +0 shield (worn)
 i - a +0 shield
 t - a +0 chain mail
 A - a +0 chain mail (worn)
 C - a +0 robe
 G - a +0 chain mail
Jewellery
 o - a ring of protection from magic (left hand)
 B - an amulet of rage (around neck)
Scrolls
 m - a scroll of identify
 q - a scroll of fear
 s - a scroll of recharging
Potions
 j - 2 potions of mutation {unknown}
Comestibles
 f - 4 bread rations
 u - 7 fruits
 x - 2 meat rations
 F - a slice of pizza


   Skills:
 + Level 3.9 Fighting
 + Level 4.0 Long Blades
 + Level 4.9 Armour
 + Level 3.0 Dodging
 + Level 1.3 Stealth
 + Level 4.8 Shields


You had 6 spell levels left.
You didn't know any spells.

Dungeon Overview and Level Annotations

Branches:
Dungeon (6/15)
 Temple: D:4-7

Shops:
D:4 *

Annotations:
D:4 Orbaz's ghost, novice FoFi
D:5 Anatei's ghost, novice DEWz


Innate Abilities, Weirdness & Mutations

You have an increased reservoir of magic (+10% MP).
Your attributes are resistant to harm.


Message History

Your magical contamination has completely faded away.
You start resting.
HP restored.
There is an escape hatch in the floor here.
You slide downwards.
The hatch slams shut behind you.
Level annotation: Orbaz's ghost, novice FoFi
Items here: )) [[[[[[[
There is a stone staircase leading up here.
The ogre shouts!
The ogre hits you with a giant spiked club!
You hit the ogre.
The ogre is lightly wounded.
The ogre hits you with a giant spiked club!!
You slash the ogre!
The ogre is heavily wounded.
You block the ogre's attack.
Your shield and chain mail prevent you from hitting the ogre.
The ogre is heavily wounded.
The ogre hits you with a giant spiked club!!
You die...

#.≈≈(≈≈.###.# #.#
###.#.#.
#...........# #<#
###### ####.#......#
#.# #........# #.#
###.....## #.#
#.....# #.# ###.###
###.# #.#####...# #
#.O@.....## #
#.#####..###########
#.# #.............
#<# #.##..........
#.# #.##.#########
#.# #......# # #.#
####.#.# # #.# #####
# #..


You could see an ogre.

Vanquished Creatures
  The ghost of Jonno22 the Covered, an amateur HuFi (D:3)
  A necrophage (D:6)
  A centaur (D:5)
  A giant frog (D:6)
  A scorpion (D:4)
  3 crimson imps (D:5)
  A hound (D:4)
  An orc wizard (D:6)
  Jessica (D:3)
  An iguana (D:6)
  5 worker ants
  A hound zombie (D:6)
  4 gnolls (D:6)
  7 adders
  An adder skeleton (D:6)
  3 worms (D:3)
  3 dart slugs
  3 giant geckos
  14 orcs
  A ball python (D:2)
  10 bats
  6 giant cockroaches
  3 goblins
  8 hobgoblins
  4 jackals (D:1)
  2 quokkas
  6 giant newts
  6 kobolds
  10 rats
109 creatures vanquished.

Notes
Turn   | Place    | Note
--------------------------------------------------------------
     0 | D:1      | Jonno22 the Demigod Fighter began the quest for the Orb.
     0 | D:1      | Reached XP level 1. HP: 18/18 MP: 3/3
   796 | D:1      | Reached XP level 2. HP: 25/25 MP: 4/4
   910 | D:1      | You fall through a shaft!
  1049 | D:2      | Reached XP level 3. HP: 11/31 MP: 5/5
  1757 | D:2      | Reached skill level 1 in Dodging
  1974 | D:2      | Found a shadowy altar of Dithmenos.
  2008 | D:2      | Found a sparkling altar of Nemelex Xobeh.
  2143 | D:2      | Reached XP level 4. HP: 37/38 MP: 6/6
  2399 | D:3      | Noticed Jonno22's ghost (amateur HuFi)
  2435 | D:3      | Killed Jonno22's ghost
  2435 | D:3      | Reached skill level 1 in Stealth
  2435 | D:3      | Reached XP level 5. HP: 12/45 MP: 7/7
  2975 | D:3      | Noticed Jessica
  2991 | D:3      | Killed Jessica
  3149 | D:3      | Found a glowing golden altar of the Shining One.
  3606 | D:4      | Reached XP level 6. HP: 45/51 MP: 8/8
  3759 | D:4      | Found Gozag's Platinum Reserve.
  3840 | D:4      | Noticed Orbaz's ghost (novice FoFi)
  3845 | D:4      | HP: 1/51 [Orbaz's ghost (4)]
  3937 | D:5      | Entered Level 5 of the Dungeon
  4781 | D:5      | Noticed Anatei's ghost (novice DEWz)
  4807 | D:5      | Reached XP level 7. HP: 43/58 MP: 9/9
  5655 | D:4      | Found an opulent altar of Gozag.
  6039 | D:4      | Slain by an ogre

Skill      XL: |  1  2  3  4  5  6  7 |
---------------+----------------------+-----
Armour         | 3 4 |  4.9
Fighting       | 3 |  3.9
Long Blades    | 2 3 4 |  4.0
Shields        | 3 4 |  4.8
Dodging        | 1 2 3 |  3.0
Stealth        | 1 |  1.3

Action                   |  1- 3 |  4- 6 |  7- 9 || total
-------------------------+-------+-------+-------++-------
Melee: Long sword        |    89 |   246 |   122 ||   457
       Short sword       |    34 |       |       ||    34
  Use: Scroll            |     3 |     6 |     1 ||    10
       Potion            |     3 |     6 |     2 ||    11
 Stab: Sleeping          |     2 |       |       ||     2
       Invisible         |       |     1 |       ||     1
  Eat: Bread ration      |     1 |     1 |       ||     2
       Pizza             |     1 |       |       ||     1
       Meat ration       |       |     1 |     1 ||     2
Armor: Scale mail        |    44 |    99 |       ||   143
       Leather armour    |    19 |       |       ||    19
       Chain mail        |       |    56 |    61 ||   117
Dodge: Dodged            |    55 |    90 |    32 ||   177
Block: Shield            |    75 |   167 |    61 ||   303
